 Dungeon Crawl Stone Soup version 0.21.1-1-g345015f (webtiles) character file.

270 ciel the Slasher (level 6, -2/55 HPs)
             Began as a Minotaur Monk on Mar 1, 2018.
             Killed from afar by an orc wizard (11 damage)
             ... with a puff of frost
             ... on level 3 of the Dungeon.
             The game lasted 00:03:11 (2339 turns).

ciel the Slasher (Minotaur Monk)                    Turns: 2339, Time: 00:03:12

Health: -2/55      AC:  7    Str: 17    XL:     6   Next: 1%
Magic:  5/5        EV: 11    Int:  7    God:
Gold:   32         SH:  4    Dex: 13    Spells: 5/5 levels left

rFire    . . .     SeeInvis .   a - +0 falchion
rCold    . . .     Gourm    .   h - +0 buckler
rNeg     . . .     Faith    .   e - +1 scale mail
rPois    .         Spirit   .   (helmet restricted)
rElec    .         Reflect  .   (no cloak)
rCorr    .         Harm     .   (no gloves)
MR       .....                  (no boots)
Stlth    ..........             (no amulet)
HPRegen  0.18/turn              (no ring)
MPRegen  0.09/turn              (no ring)

@: no status effects
A: retaliatory headbutt, horns 2
a: no special abilities


You were on level 3 of the Dungeon.
You were not hungry.

You visited 1 branch of the dungeon, and saw 3 of its levels.

You collected 32 gold pieces.

Inventory:

Hand Weapons
 a - a +0 falchion (weapon)
Missiles
 b - 37 stones (quivered)
 f - 2 throwing nets
Armour
 e - a +1 scale mail (worn)
 h - a +0 buckler (worn)
Scrolls
 d - a scroll of enchant weapon {unknown}
 g - 2 scrolls of identify
 i - a scroll of remove curse
 j - 3 scrolls of teleportation
Potions
 l - 3 potions of heal wounds
Comestibles
 c - 2 rations


   Skills:
 + Level 4.8 Fighting
 + Level 5.0 Long Blades
 + Level 3.1 Armour
 + Level 4.4 Dodging
 - Level 1.5 Stealth
 + Level 2.5 Shields


You had 5 spell levels left.
You didn't know any spells.

Dungeon Overview and Level Annotations

Branches:
Dungeon (3/15)

Altars:
Dithmenos
Uskayaw
The Shining One

Annotations:
D:3 2 transporters


Innate Abilities, Weirdness & Mutations

You reflexively headbutt those who attack you in melee.
You have a pair of horns on your head.


Message History

The magic dart hits you!
You closely miss the orc wizard.
The orc wizard is heavily wounded.
You block the orc wizard's attack.
You hit the orc wizard.
The orc wizard is heavily wounded.
The orc wizard gestures at you while chanting.
The puff of flame hits you!
Your scale mail prevents you from hitting the orc wizard.
The orc wizard is heavily wounded.
You block the orc wizard's attack.
The orc wizard hits you but does no damage.
You hit the orc wizard but do no damage.
The orc wizard is heavily wounded.
The orc wizard hits you but does no damage.
You hit the orc wizard.
The orc wizard is heavily wounded.
The orc wizard points at you and mumbles some strange words.
The puff of frost hits you!
You die...

.#.8#..##.# #...#..)#.# .
....#...#.## .# .©..#©....<#
###. ..OF#......# ...
#.Ol#.#....# .. #
.#a8#.#.#### .# ...
...##.#.#############.#.....
####..#.........@ooo.)......
.....##.#############.######
#######.# .# #.# .# #.# .#
#######.# ## .........
#######[


You could see an orc wizard and 2 orcs.

Vanquished Creatures
  Sigmund (D:2)
  An orc priest (D:3)
  An adder (D:2)
  5 dart slugs
  A leopard gecko (D:3)
  An orc (D:3)
  7 bats
  A giant cockroach (D:1)
  7 hobgoblins
  4 jackals (D:2)
  11 kobolds
  A quokka (D:3)
  7 frilled lizards
  8 goblins
  5 rats
61 creatures vanquished.

Notes
Turn   | Place    | Note
-------+----------+-------------------------------------------
     0 | D:1      | ciel the Minotaur Monk began the quest for the Orb.
     0 | D:1      | Reached XP level 1. HP: 19/19 MP: 0/0
   205 | D:1      | Reached XP level 2. HP: 27/27 MP: 1/1
   222 | D:1      | Reached skill level 1 in Armour
   627 | D:1      | Reached skill level 4 in Long Blades
   793 | D:1      | Reached XP level 3. HP: 29/33 MP: 2/2
  1010 | D:2      | Found a hide-covered altar of Uskayaw.
  1103 | D:2      | Reached skill level 1 in Shields
  1594 | D:2      | Noticed Sigmund
  1739 | D:2      | Killed Sigmund
  1739 | D:2      | Reached XP level 4. HP: 15/41 MP: 3/3
  1739 | D:2      | Reached XP level 5. HP: 18/47 MP: 4/4
  2034 | D:2      | Found a glowing golden altar of the Shining One.
  2210 | D:3      | Found a transporter.
  2210 | D:3      | Noticed an ogre
  2213 | D:3      | Found a shadowy altar of Dithmenos.
  2262 | D:3      | Found a transporter.
  2322 | D:3      | Reached skill level 5 in Long Blades
  2322 | D:3      | Reached XP level 6. HP: 19/55 MP: 5/5
  2339 | D:3      | Killed from afar by an orc wizard

Skill      XL: |  1  2  3  4  5 |
---------------+----------------+-----
Armour         | 1 2 3 |  3.1
Fighting       | 4 |  4.8
Long Blades    | 4 5 |  5.0
Shields        | 2 |  2.5
Dodging        | 4 |  4.4
Stealth        | |  1.5

Action                   |  1- 3 |  4- 6 || total
-------------------------+-------+-------++-------
Melee: Falchion          |   106 |    40 ||   146
       Headbutt          |    16 |     7 ||    23
  Use: Scroll            |     6 |       ||     6
       Potion            |     3 |       ||     3
  Eat: Chunk             |     2 |     3 ||     5
Armor: Robe              |     4 |       ||     4
       Scale mail        |    31 |    11 ||    42
       Skin              |     9 |       ||     9
Dodge: Dodged            |    66 |    20 ||    86
Block: Buckler           |    12 |    10 ||    22
       Rpst.: Falchion   |    21 |     2 ||    23
